 Dungeon Crawl Stone Soup version 0.18-a0-952-g309898a (webtiles) character file.

42985 Duffy the Impaler (level 14, -2/111 HPs)
             Began as a Merfolk Fighter on Dec 31, 2015.
             Was a High Priest of Makhleb.
             Slain by a soldier ant (7 damage)
             ... on level 10 of the Dungeon.
             The game lasted 00:25:59 (17837 turns).

Duffy the Impaler (Merfolk Fighter)                Turns: 17837, Time: 00:25:59

Health: -2/111     AC: 18    Str: 23    XL:     14   Next: 22%
Magic:  20/20      EV: 15    Int:  8    God:    Makhleb [*****.]
Gold:   850        SH:  0    Dex: 16    Spells: 0 memorised, 13 levels left

rFire  + + +     SeeInvis +     K - +1 glaive
rCold  + + .     Gourm    .     m - +3 chain mail {rF+}
rNeg   . . .     Faith    .     (shield currently unavailable)
rPois  +         Spirit   .     T - +2 hat {SInv}
rElec  +         Dismiss  .     F - +0 cloak
rCorr  +         Reflect  .     C - +0 pair of gloves
SustAt .         Harm     .     (no boots)
MR     +....                    x - amulet of rage
Stlth  ..........               y - ring of protection from cold
                                h - ring of protection from fire

@: mighty, lethally poisoned (-2 -> -44), resistant, somewhat resistant to
hostile enchantments, extremely unstealthy
A: change form in water, swift swim
a: Minor Destruction, Lesser Servant of Makhleb, Major Destruction, Greater
Servant of Makhleb, Renounce Religion, Evoke Berserk Rage


You were on level 10 of the Dungeon.
You worshipped Makhleb.
Makhleb was extremely pleased with you.
You were very hungry.

You visited 3 branches of the dungeon, and saw 13 of its levels.

You collected 1111 gold pieces.
You spent 261 gold pieces at shops.


   Skills:
 + Level 10.6 Fighting
 + Level 19.5 Polearms
 + Level 6.7 Armour
 + Level 11.9 Dodging
   Level 3.0 Shields
 - Level 8.5 Evocations


You had 13 spell levels left.
You didn't know any spells.

Inventory:

Hand Weapons
 a - a +0 trident
 G - a +0 halberd
 K - a +1 glaive (weapon)
Missiles
 t - 51 poisoned needles
 V - 3 throwing nets (quivered)
Armour
 k - a +9 plate armour of ponderousness
 m - a +3 chain mail of fire resistance (worn)
 A - a +1 ring mail of fire resistance
 C - a +0 pair of gloves (worn)
 F - a +0 cloak (worn)
 T - a +2 hat of see invisible (worn)
Jewellery
 h - a ring of protection from fire (left hand)
 x - an amulet of rage (around neck)
 y - a ring of protection from cold (right hand)
Wands
 c - a wand of draining (6/15)
 z - a wand of confusion (12/48)
 I - a wand of hasting (9/9)
 M - a wand of polymorph (7/24)
 Q - a wand of disintegration (15/24)
Scrolls
 g - 3 scrolls of teleportation
 j - 3 scrolls of enchant weapon
 o - 8 scrolls of remove curse
 w - a scroll of recharging
 E - a scroll of fog
 H - a scroll of silence
Potions
 i - 3 potions of resistance
 r - 5 potions of curing
 s - 2 potions of ambrosia
 B - 3 potions of haste
 N - a potion of berserk rage
 S - 2 potions of heal wounds
Comestibles
 f - 5 bread rations
 p - a royal jelly
 u - 2 beef jerkies
 v - a slice of pizza
 J - 5 fruits
 R - a meat ration

Dungeon Overview and Level Annotations

Branches:
Dungeon (10/15)            Temple (1/1) D:6            Lair (0/8) D:9
    Orc (2/2) D:9             Elf (0/3) Orc:2

Altars:
Ashenzari
Cheibriados
Dithmenos
Elyvilon
Fedhas
Gozag
Kikubaaqudgha
Makhleb
Nemelex Xobeh
Okawaru
Pakellas
Qazlal
Ru
Sif Muna
Trog
Vehumet
Xom
Yredelemnul
Zin
The Shining One
Beogh

Shops:
Orc:2 %(*:

Annotations:
D:3 Natasha
D:10 1 exclusion


Message History

You feel very sick. The worker ant misses you.
The worker ant closely misses you.
The worker ant bites you but does no damage. x3
The queen ant closely misses you. The soldier ant stings you.
You are more poisoned.
The soldier ant poisons you!
The worker ant bites you but does no damage.
The worker ant barely misses you. The worker ant misses you.
You feel very sick. The worker ant barely misses you.
The worker ant bites you but does no damage.
The worker ant completely misses you. The queen ant misses you.
The soldier ant stings you but does no damage.
The worker ant closely misses you.
The worker ant bites you but does no damage.
The worker ant barely misses you.
You feel very sick. The worker ant misses you.
The worker ant closely misses you. The worker ant barely misses you.
The worker ant closely misses you. The queen ant misses you.
The worker ant misses you.
The soldier ant stings you but does no damage.
The worker ant barely misses you.
You feel very sick. The worker ant barely misses you.
The worker ant closely misses you. The worker ant misses you.
The worker ant barely misses you. The queen ant misses you.
The soldier ant stings you but does no damage.
The worker ant bites you but does no damage.
Drink which item? (? for menu, Esc to quit)
You feel protected.
You feel very sick. The worker ant closely misses you.
The worker ant barely misses you.
The worker ant bites you but does no damage. x3
The queen ant barely misses you. The soldier ant stings you!
You die...

#.......# #...........######.
#.#####.# #.########..# #. #.#
###.####.#### #..# #.
####.###...........# #..# #.
#...>..#.#.#.......# #..# #.
#.##.#.#.#.#.......# #).# #.
#..................#####..######.
#.##.#)........aaa...............
#.##.###.#.#(..a@aa..............
#.##............aa.##.#.#######..
#.######[.###...........# #.. #.#
#a%.####.#####...# #..
#.#######..# #. ##..# #..
..%...aaa..# #. #..#######..
..#######..# #. #........... ..#
#..# #. #######.. ..# #..# #..


You could see a queen ant, a soldier ant and 6 worker ants.

Action                   |  1- 3 |  4- 6 |  7- 9 | 10-12 | 13-15 || total
-------------------------+-------+-------+-------+-------+-------++-------
Melee: Trident           |   127 |   232 |   420 |       |       ||   779
       Glaive            |       |       |   109 |   771 |   117 ||   997
 Abil: Evoke Berserk Rag |       |     2 |    14 |    27 |     4 ||    47
  Use: Scroll            |       |       |       |     7 |    10 ||    17
       Potion            |       |       |       |     1 |     9 ||    10
 Stab: Distracted        |       |       |       |     1 |       ||     1
  Eat: Chunk             |     4 |     5 |    23 |    44 |     8 ||    84
       Bread ration      |       |     1 |       |     1 |       ||     2
       Fruit             |       |       |       |     2 |       ||     2

Notes
Turn   | Place    | Note
--------------------------------------------------------------
     0 | D:1      | Duffy the Merfolk Fighter began the quest for the Orb.
     0 | D:1      | Reached XP level 1. HP: 18/18 MP: 1/1
   200 | D:1      | Reached XP level 2. HP: 21/24 MP: 2/2
   255 | D:1      | Reached skill level 4 in Polearms
  1150 | D:1      | Reached skill level 5 in Polearms
  1150 | D:1      | Reached XP level 3. HP: 27/29 MP: 3/3
  1624 | D:2      | Found a shattered altar of Ashenzari.
  1726 | D:2      | Found an ancient bone altar of Kikubaaqudgha.
  2110 | D:3      | Reached skill level 6 in Polearms
  2110 | D:3      | Reached XP level 4. HP: 9/35 MP: 4/4
  2557 | D:3      | Found an opulent altar of Gozag.
  2793 | D:3      | Reached skill level 7 in Polearms
  2798 | D:3      | Reached XP level 5. HP: 31/41 MP: 5/5
  3117 | D:3      | Noticed Natasha
  3125 | D:3      | Killed Natasha
  3125 | D:3      | Reached skill level 8 in Polearms
  3179 | D:3      | Noticed Natasha
  3200 | D:3      | Killed Natasha
  3206 | D:3      | Noticed Natasha
  3681 | D:4      | Reached skill level 9 in Polearms
  3681 | D:4      | Reached XP level 6. HP: 34/47 MP: 6/6
  4076 | D:4      | Reached skill level 10 in Polearms
  4172 | D:4      | Reached XP level 7. HP: 39/52 MP: 7/7
  4849 | D:5      | Entered Level 5 of the Dungeon
  4863 | D:5      | Reached skill level 11 in Polearms
  5049 | D:5      | Found a shadowy altar of Dithmenos.
  5050 | D:5      | Found a basalt altar of Yredelemnul.
  5233 | D:5      | Reached skill level 12 in Polearms
  5299 | D:5      | Noticed Duvessa
  5299 | D:5      | Noticed Dowan
  5310 | D:5      | Killed Duvessa
  5310 | D:5      | Reached XP level 8. HP: 58/58 MP: 8/8
  5314 | D:5      | Killed Dowan
  5692 | D:5      | Noticed Eustachio
  5731 | D:5      | Killed Eustachio
  5731 | D:5      | Reached skill level 13 in Polearms
  5731 | D:5      | Reached skill level 1 in Evocations
  5859 | D:5      | Noticed Crazy Yiuf
  5867 | D:5      | Killed Crazy Yiuf
  5909 | D:5      | Reached skill level 2 in Evocations
  6116 | D:5      | Reached skill level 3 in Evocations
  6493 | D:5      | Noticed terkiey's ghost (amateur KoBe)
  6866 | D:5      | Killed terkiey's ghost
  6866 | D:5      | Reached skill level 14 in Polearms
  6866 | D:5      | Reached skill level 4 in Evocations
  6866 | D:5      | Reached XP level 9. HP: 64/64 MP: 10/12
  6962 | D:6      | Reached skill level 5 in Evocations
  7092 | D:6      | Reached skill level 6 in Evocations
  7165 | D:6      | Reached skill level 1 in Dodging
  7230 | D:6      | Found a staircase to the Ecumenical Temple.
  7242 | D:6      | Reached skill level 2 in Dodging
  7298 | D:6      | Reached skill level 4 in Fighting
  7305 | D:6      | Reached skill level 3 in Dodging
  7335 | D:6      | Found a burning altar of Makhleb.
  7383 | Temple   | Entered the Ecumenical Temple
  7850 | D:6      | Became a worshipper of Makhleb the Destroyer
  8081 | D:6      | Found a blossoming altar of Fedhas.
  8431 | D:6      | Reached skill level 4 in Dodging
  8742 | D:7      | Reached * piety under Makhleb
  8742 | D:7      | Reached skill level 15 in Polearms
  8934 | D:7      | Noticed Joseph
  8948 | D:7      | Killed Joseph
  8948 | D:7      | Reached skill level 5 in Fighting
  8948 | D:7      | Reached XP level 10. HP: 66/74 MP: 14/14
  9113 | D:7      | Reached skill level 5 in Dodging
  9206 | D:7      | Found a glowing golden altar of the Shining One.
  9848 | D:8      | Found a blossoming altar of Fedhas.
  9848 | D:8      | Found a sacrificial altar of Ru.
 10284 | D:8      | Noticed Gastronok
 10635 | D:8      | Killed Gastronok
 10635 | D:8      | Reached skill level 6 in Fighting
 10635 | D:8      | Reached skill level 16 in Polearms
 10635 | D:8      | Reached skill level 3 in Armour
 10635 | D:8      | Reached skill level 7 in Dodging
 10947 | D:8      | Found a radiant altar of Vehumet.
 10955 | D:8      | Found a stormy altar of Qazlal.
 11060 | D:8      | Reached skill level 7 in Fighting
 11180 | D:9      | Reached ** piety under Makhleb
 11196 | D:9      | Reached XP level 11. HP: 84/84 MP: 15/15
 11394 | D:9      | Found a snail-covered altar of Cheibriados.
 11463 | D:9      | Reached skill level 4 in Armour
 11478 | D:9      | Found an iron altar of Okawaru.
 11604 | D:9      | Found a staircase to the Lair.
 11766 | D:9      | Found a burning altar of Makhleb.
 12063 | D:9      | Found a staircase to the Orcish Mines.
 12109 | D:10     | Entered Level 10 of the Dungeon
 12245 | D:10     | Reached skill level 8 in Dodging
 12699 | D:10     | Reached skill level 8 in Fighting
 12812 | D:10     | Reached *** piety under Makhleb
 13028 | D:10     | Noticed Erolcha
 13044 | D:10     | Killed Erolcha
 13044 | D:10     | Reached skill level 17 in Polearms
 13153 | D:10     | Reached skill level 7 in Evocations
 13477 | D:10     | Reached **** piety under Makhleb
 13491 | D:10     | Noticed a hill giant
 13493 | D:10     | Noticed a hill giant
 13839 | Orc:1    | Entered Level 1 of the Orcish Mines
 13871 | Orc:1    | Found a roughly hewn altar of Beogh.
 14132 | Orc:1    | Noticed an orc warlord
 14156 | Orc:1    | Killed an orc warlord
 14156 | Orc:1    | Reached skill level 8 in Evocations
 14156 | Orc:1    | Reached XP level 12. HP: 92/92 MP: 16/18
 14440 | Orc:2    | Entered Level 2 of the Orcish Mines
 14440 | Orc:2    | Noticed Donald
 14458 | Orc:1    | Killed Donald
 14458 | Orc:1    | Reached skill level 18 in Polearms
 14564 | Orc:2    | Found a staircase to the Elven Halls.
 14994 | Orc:2    | Found Entitauv's Assorted Antiques.
 15025 | Orc:2    | Reached skill level 9 in Dodging
 15320 | Orc:2    | Reached skill level 5 in Armour
 15335 | Orc:2    | Noticed an ogre mage
 15375 | Orc:2    | Killed an ogre mage
 15513 | Orc:2    | Reached skill level 9 in Fighting
 15586 | Orc:2    | Reached ***** piety under Makhleb
 15817 | Orc:1    | Reached skill level 10 in Dodging
 16206 | Orc:2    | Found Ytiwyu Tuse's Food Shoppe.
 16209 | Orc:2    | Found Faelle's Book Boutique.
 16218 | Orc:2    | Noticed an ogre mage
 16377 | Orc:2    | Reached XP level 13. HP: 101/101 MP: 19/19
 16545 | Orc:2    | Found Waheis's Antique Weapon Emporium.
 16573 | Orc:2    | Bought a scroll labeled VUMASH CAUTWOGE for 22 gold pieces
 16573 | Orc:2    | Bought a scroll labeled BEYRAE MYDEF for 22 gold pieces
 16578 | Orc:2    | Bought a smoky sapphire potion for 19 gold pieces
 16578 | Orc:2    | Bought a twisted granite ring for 110 gold pieces
 16579 | Orc:2    | Bought a crooked bone wand for 88 gold pieces
 16621 | Orc:2    | Reached skill level 19 in Polearms
 16638 | Orc:2    | Reached skill level 6 in Armour
 16750 | Orc:1    | Noticed Harold
 16765 | Orc:2    | Reached skill level 11 in Dodging
 17127 | Orc:2    | Killed Harold
 17755 | D:9      | Reached skill level 10 in Fighting
 17755 | D:9      | Reached XP level 14. HP: 109/111 MP: 20/20
 17837 | D:10     | Slain by a soldier ant

Vault maps used:
D:1:      minmay_arrival_nine_rooms, hex_tiny, fountainhead
D:2:      marbit_many_paths, evilmike_ruin_ashenzari
D:3:      overflow_temple_1_default, first_bread, saegor_snake_ambush,
          uniq_natasha
D:5:      yredelemnul_altar_generic, grunt_dithmenos_shadows,
          serial_corexii_hall, corexii_hall_statues_l,
          corexii_hall_statues_deadend, serial_bayou_lagoon_a,
          uniq_crazy_yiuf_cottage, uniq_duvessa, uniq_eustachio
D:6:      minmay_flawed_box, old_standard_altar, minmay_temple_entry_oklob,
          fedhas_altar_decomposition
D:7:      lemuel_doored_altar, uniq_joseph
D:8:      minitemple, kennysheep_mini_moat, lemuel_crystal_altar, uniq_gastronok
D:9:      okawaru_humans, lemuel_crystal_altar, dpeg_oklobed_lair,
          bloody_makhleb
D:10:     special_room, zaba_antful_of_joy, uniq_erolcha
Temple:   temple_island_7
Orc:1:    basic_altar, uniq_harold
Orc:2:    st_orc_open, uniq_donald

Vanquished Creatures
  Gastronok Donald
  An orc warlord Harold
  2 ogre magi Erolcha
  2 deep trolls
  2 hill giants
  2 cyclopes
  An orc knight Joseph
  11 trolls
  6 two-headed ogres
  The ghost of terkiey the Cutter, an amateur KoBe of Trog
  2 humans
  A wyvern
  A wraith
  A vampire
  10 yaks Eustachio
  2 hungry ghosts
  A warg Duvessa
  16 orc warriors
  6 necrophages
  3 phantoms
  2 ice beasts
  2 sky beasts
  23 ogres
  A centaur
  12 big kobolds
  2 giant frogs Dowan
  A wyvern zombie
  A water moccasin skeleton
  A scorpion
  An oklob sapling
  10 killer bees
  8 wights
  4 hounds
  13 orc priests
  4 centaur zombies
  3 giant frog skeletons
  3 crimson imps
  A wasp zombie
  3 giant frog zombies
  4 iguanas
  2 centaur skeletons
  3 jellies Crazy Yiuf
  9 worker ants
  Natasha (twice)
  17 orc wizards
  A killer bee zombie
  19 gnolls
  2 worker ant zombies
  12 adders
  A shadow imp
  2 oozes
  3 adder skeletons
  An adder zombie
  4 worms
  70 orcs
  7 ball pythons
  4 giant cockroaches
  7 hobgoblins
  12 jackals
  21 kobolds
  5 quokkas
  3 bats
  6 giant geckos
  4 giant newts
  7 goblins
  7 rats
  2 bushes
  2 fungi
  16 plants
430 creatures vanquished.
